 Dungeon Crawl Stone Soup version 0.21.1-1-g345015f (webtiles) character file.

2284 letownia2 the Frost Mage (level 9, -8/64 HPs)
             Began as a Merfolk Ice Elementalist on Feb 15, 2018.
             Was a Priest of Cheibriados.
             Killed by divine providence
             ... invoked by an orc priest
              (14 damage)
             ... on level 8 of the Dungeon.
             The game lasted 00:28:54 (3439 turns).

letownia2 the Frost Mage (Merfolk Ice Elementalist) Turns: 3439, Time: 00:28:54

Health: -8/64      AC:  4    Str: 17    XL:     9   Next: 39%
Magic:  6/15       EV: 17    Int: 23    God:    Cheibriados [***...]
Gold:   302        SH:  0    Dex: 24    Spells: 2/16 levels left

rFire    . . .     SeeInvis .   a - +2 quarterstaff (protect)
rCold    . . .     Gourm    .   (shield currently unavailable)
rNeg     . . .     Faith    .   o - +0 leather armour
rPois    .         Spirit   .   w - +0 helmet
rElec    .         Reflect  .   (no cloak)
rCorr    .         Harm     .   (no gloves)
MR       .....                  (no boots)
Stlth    +++.......             (no amulet)
HPRegen  0.20/turn              n - ring of stealth
MPRegen  0.14/turn              s - ring of flight

@: about to teleport, very slow
A: change form in water, swift swim, stealthy swim
a: Bend Time, Temporal Distortion, Renounce Religion, Evoke Flight


You were on level 8 of the Dungeon.
You worshipped Cheibriados.
Cheibriados was most pleased with you.
You were not hungry.

You visited 1 branch of the dungeon, and saw 8 of its levels.

You collected 302 gold pieces.

Inventory:

Hand Weapons
 a - a +2 quarterstaff of protection (weapon)
 b - a +1 short sword of holy wrath
 c - a +0 blowgun
 p - a +0 spear
 t - a +0 flail of protection
 z - a +0 longbow
 G - a +1 whip of electrocution
 I - a +2 dagger of venom
 M - a +0 hunting sling
Missiles
 A - 31 arrows
 L - 21 sling bullets
 P - 19 poisoned needles
Armour
 l - a +1 robe of fire resistance
 o - a +0 leather armour (worn)
 w - a +0 helmet (worn)
Jewellery
 n - a ring of stealth (left hand)
 s - a ring of flight (right hand)
Scrolls
 e - a scroll of fog
 i - 4 scrolls of remove curse
 k - a scroll of identify
 u - 2 scrolls of magic mapping
 v - a scroll of enchant armour {unknown}
 x - a scroll of enchant weapon {unknown}
 C - a scroll of summoning {unknown}
 E - a scroll of random uselessness {unknown}
Potions
 f - 2 potions of curing
 r - a potion of berserk rage
 D - 2 potions of haste
 H - a potion of heal wounds
 J - a potion of cancellation
 K - a potion of lignification {unknown}
Books
 q - a book of Necromancy

   Spells                             Type                      Level
   a - Pain                           Necromancy                   1
   b - Animate Skeleton               Necromancy                   1
   c - Vampiric Draining              Necromancy                   3
   d - Regeneration                   Charms/Necromancy            3
   e - Animate Dead                   Necromancy                   4
   f - Borgnjor's Vile Clutch         Necromancy/Earth             5
 B - a book of Frost

   Spells                             Type                      Level
   a - Freeze                         Ice                          1
   b - Throw Frost                    Conjuration/Ice              2
   c - Ozocubu's Armour               Charms/Ice                   3
   d - Throw Icicle                   Conjuration/Ice              4
   e - Summon Ice Beast               Ice/Summoning                4
Comestibles
 N - a chunk of flesh
 O - 9 rations


   Skills:
 - Level 3.4 Fighting
 - Level 1.0 Armour
 - Level 6.0 Dodging
 - Level 2.1 Stealth
 - Level 4.3 Spellcasting
 - Level 0.7 Conjurations
 - Level 3.3 Charms
 - Level 3.4 Summonings
 + Level 9.0 Ice Magic
 - Level 4.0 Invocations


You had 2 spell levels left.
You knew the following spells:

 Your Spells              Type           Power        Failure   Level  Hunger
a - Freeze                Ice            ####         1%          1    None
f - Throw Frost           Conj/Ice       ####..       2%          2    #......
g - Regeneration          Chrm/Necr      ##........   19%         3    ##.....
i - Summon Ice Beast      Ice/Summ       ####....     9%          4    ####...
k - Animate Skeleton      Necr           N/A          12%         1    None
o - Ozocubu's Armour      Chrm/Ice       ####....     2%          3    ##.....


Dungeon Overview and Level Annotations

Branches:
Dungeon (8/15)
 Temple: D:4-7         Lair: D:8-11

Altars:
Cheibriados
Yredelemnul

Annotations:
D:4 xccam's ghost, novice DsAK
D:8 Erica; Grum


Message History

* * * LOW HITPOINT WARNING * * *
The bullfrog barely misses you. The wolf barely misses you.
The wolf closely misses you.
Your ice beast hits Grum but does no damage.
The bullfrog completely misses you.
Grum drinks a potion.
Grum is healed!
Something closely misses you.
Unknown command.
Okay, then.
As you read the scroll labeled OGIUROA XOFFI, it crumbles to dust.
You feel strangely unstable.
It was a scroll of teleportation.
The wolf bites you!
* * * LOW HITPOINT WARNING * * *
The wolf bites you but does no damage.
The orc hits your ice beast but does no damage.
The bullfrog hits you.
* * * LOW HITPOINT WARNING * * *
The wolf misses you.
The orc priest mumbles some strange prayers to Beogh against you.
Beogh smites you!
You die...

#####......((...)(.((### **@ *
#.#######.######)|.# **##..
****#.# #....#####.# **..(.,
,,,,..#*****####..# #.####..###.
*,,,#..,,.,* ##.## #..........#
*,,,#.#**#.##** #..#*#.####.....#
*,,,#.#***....**##.##....>,,....#
,,,,.F.,,***#.§###§...###**,,...#
,,,,*,,,,,,**#oF@Yg.....#**,,,..#
,,,,,,*,,.....h{hho###....,,,,,##
*,,,,****#....§o#§## *,...,***,,,
****,****###....,## ***..** *,,,
****,**,,,...##.,*******,.,* *,,,
,,,,,,,,*####*#.,,,,,,,,,*,* *<,,
****,**** **..,*********,* *,,,
*,* *,..,,,,,,,,,*,* *,,, *,*
**,*****,****,,,***,,,


You could see Grum, 3 wolves, a bullfrog, an orc priest, 2 orcs and a friendly
ice beast.

Vanquished Creatures
  Joseph (D:8)
  A hippogriff (D:5)
  An orc warrior (D:7)
  A phantom (D:5)
  A wolf (D:8)
  A necrophage (D:7)
  2 ogres
  2 centaurs
  3 big kobolds
  A bullfrog (D:7)
  A water moccasin skeleton (D:6)
  3 killer bees
  2 crimson imps
  A bullfrog zombie (D:6)
  3 hounds
  A bullfrog skeleton (D:5)
  An orc priest (D:7)
  An orc wizard (D:5)
  Terence (D:2)
  3 worker ants
  2 hound skeletons
  2 howler monkey skeletons
  A worker ant zombie (D:5)
  3 gnolls (D:3)
  3 adders
  2 shadow imps
  An ooze (D:3)
  2 worms (D:3)
  2 dart slugs
  3 leopard geckos
  5 orcs
  A bat (D:2)
  8 giant cockroaches
  2 goblins
  A hobgoblin (D:3)
  7 jackals
  4 quokkas
  A ball python (D:5)
  5 frilled lizards
  A giant cockroach zombie (D:5)
  19 kobolds
  A leopard gecko zombie (D:6)
  4 rats
111 creatures vanquished.

Vanquished Creatures (collateral kills)
  A hornet (D:8)
  A killer bee (D:8)
2 creatures vanquished.

Grand Total: 113 creatures vanquished

Notes
Turn   | Place    | Note
-------+----------+-------------------------------------------
     0 | D:1      | letownia2 the Merfolk Ice Elementalist began the quest for the Orb.
     0 | D:1      | Reached XP level 1. HP: 13/13 MP: 3/3
   127 | D:1      | Reached XP level 2. HP: 8/19 MP: 0/5
   192 | D:2      | Learned a level 2 spell: Throw Frost
   208 | D:2      | Reached skill level 4 in Ice Magic
   222 | D:2      | Found a basalt altar of Yredelemnul.
   229 | D:2      | Noticed Terence
   288 | D:3      | Found a faded altar of an unknown god.
   307 | D:2      | Reached XP level 3. HP: 9/24 MP: 1/6
   462 | D:3      | Reached skill level 5 in Ice Magic
   475 | D:3      | Learned a level 3 spell: Ozocubu's Armour
   512 | D:3      | Reached XP level 4. HP: 4/30 MP: 3/7
   671 | D:3      | HP: 1/30 [gnoll/spear (10)]
   891 | D:4      | Found a snail-covered altar of Cheibriados.
   899 | D:4      | Became a worshipper of Cheibriados the Contemplative
  1125 | D:2      | Killed Terence
  1125 | D:2      | Reached skill level 6 in Ice Magic
  1125 | D:2      | Reached XP level 5. HP: 31/36 MP: 3/8
  1230 | D:4      | Reached skill level 1 in Fighting
  1230 | D:4      | Reached skill level 1 in Charms
  1314 | D:5      | Entered Level 5 of the Dungeon
  1367 | D:5      | Noticed an ogre
  1494 | D:5      | Reached * piety under Cheibriados
  1521 | D:5      | Noticed a phantom
  1579 | D:5      | Killed a phantom
  1579 | D:5      | Reached XP level 6. HP: 8/44 MP: 9/9
  1698 | D:4      | Noticed xccam's ghost (novice DsAK)
  1897 | D:5      | Learned a level 3 spell: Regeneration
  1899 | D:5      | Learned a level 1 spell: Animate Skeleton
  1938 | D:5      | Reached skill level 1 in Armour
  2034 | D:5      | Noticed a hippogriff
  2047 | D:5      | Killed a hippogriff
  2047 | D:5      | Reached XP level 7. HP: 16/52 MP: 0/11
  2352 | D:6      | Reached skill level 5 in Dodging
  2485 | D:6      | Reached XP level 8. HP: 38/58 MP: 7/14
  2529 | D:6      | Learned a level 4 spell: Summon Ice Beast
  2588 | D:6      | Reached ** piety under Cheibriados
  2635 | D:6      | Reached skill level 1 in Invocations
  2717 | D:7      | Reached skill level 1 in Summonings
  3104 | D:8      | Noticed Erica
  3115 | D:7      | Reached *** piety under Cheibriados
  3228 | D:7      | Reached skill level 7 in Ice Magic
  3228 | D:7      | Reached XP level 9. HP: 59/63 MP: 1/15
  3293 | D:8      | Noticed Joseph
  3298 | D:8      | Noticed a hornet
  3307 | D:8      | Killed a hornet
  3322 | D:8      | Killed Joseph
  3322 | D:8      | Reached skill level 8 in Ice Magic
  3427 | D:8      | Noticed Grum
  3431 | D:8      | Reached skill level 9 in Ice Magic
  3439 | D:8      | Killed from afar by an orc priest

Skill      XL: |  1  2  3  4  5  6  7  8  9 |
---------------+----------------------------+-----
Ice Magic      | 4 5 6 7 9 |  9.0
Fighting       | 1 3 |  3.4
Charms         | 1 3 |  3.3
Dodging        | 3 4 5 6 |  6.0
Armour         | 1 |  1.0
Spellcasting   | 3 4 |  4.3
Invocations    | 4 |  4.0
Summonings     | 3 |  3.4
Stealth        | |  2.1
Conjurations   | |  0.7

Action                   |  1- 3 |  4- 6 |  7- 9 || total
-------------------------+-------+-------+-------++-------
Melee: Dagger            |    19 |       |       ||    19
       Flail             |    16 |     2 |       ||    18
       Spear             |       |     5 |       ||     5
       Short sword       |       |    90 |    30 ||   120
       Tailslap          |       |     1 |     1 ||     2
       Quarterstaff      |       |       |   173 ||   173
 Cast: Freeze            |    31 |    46 |    52 ||   129
       Ozocubu's Armour  |     1 |     3 |    18 ||    22
       Throw Frost       |       |       |     5 ||     5
       Summon Ice Beast  |       |       |     3 ||     3
  Use: Scroll            |       |     1 |     6 ||     7
       Potion            |       |     1 |     4 ||     5
 Stab: Sleeping          |     1 |     3 |     4 ||     8
       Invisible         |       |     4 |     6 ||    10
       Distracted        |       |     1 |       ||     1
  Eat: Chunk             |       |     5 |     4 ||     9
Armor: Robe              |    11 |     6 |       ||    17
       Ring mail         |       |    26 |       ||    26
       Leather armour    |       |    13 |   117 ||   130
Dodge: Dodged            |    53 |    74 |   337 ||   464
